AoeStats
← Mike Ehrmantraut

Black Forest

507999740Analyzed
4v4 RM · 11d ago on Sep 20, 2026· 46m 17s· 8 players
Game mode
Random Map
Map size
Large (8 player)
Population
200
Speed
Normal
Resources
Standard
Victory
Conquest
Starting age
Dark Age
Ending age
Imperial Age
RankedLock teamsTeams togetherTeam positionsShared explorationLock speedFull tech treeHidden civsTurbo modeCheats
Victory
Defeat
🇫🇷 Franks · France
1021
+14
🇵🇪 Bohemians · Peru
916
+18
🇴🇲 Persians · Oman
909
+19
908
+18
🇫🇷 Turks · France
980
-18
🇨🇦 Koreans · Canada
972
-18
🇳🇱 Romans · Netherlands
953
-17
🇫🇷 Lithuanians · France
943
-16
Bigbird
0:33 Loom
14:53 Feudal Age
19:15 Castle Age
17:03 Double-Bit Axe
17:00 Horse Collar
17:13 Gold Mining
17:16 Stone Mining
25:33 Heavy Plow
25:48 Bow Saw
26:30 Wheelbarrow
29:09 Scale Mail Armor
29:20 Forging
31:44 Imperial Age
30:22 Gold Shaft Mining
31:52 Heavy Rocket Cart
33:12 Pikeman
33:53 Squires
33:39 Arson
35:00 Chain Mail Armor
35:20 Iron Casting
34:43 Halberdier
38:02 Plate Mail Armor
prsdntsdghtr
0:28 Loom
11:40 Feudal Age
12:51 Double-Bit Axe
12:43 Man-at-Arms
13:51 Scale Mail Armor
14:03 Forging
13:54 Scale Mail Armor
22:21 Castle Age
20:38 Horse Collar
22:38 Wheelbarrow
24:19 Bow Saw
25:45 Heavy Plow
27:05 Gold Mining
27:39 Hand Cart
29:53 Long Swordsman
31:41 Pikeman
32:21 Squires
35:22 Gold Shaft Mining
37:27 Imperial Age
35:16 Stone Mining
37:45 Legionary
37:46 Halberdier
42:07 Chemistry
alex
1:09 Loom
14:43 Feudal Age
15:49 Double-Bit Axe
18:57 Castle Age
17:48 Horse Collar
19:31 Wheelbarrow
19:17 Gold Mining
20:34 Bow Saw
22:48 Fervor
23:36 Bow Saw
24:45 Caravan
26:46 Town Watch
27:16 Hand Cart
29:27 Heavy Plow
30:55 Bloodlines
30:06 Light Cavalry
31:33 Husbandry
34:39 Scale Barding Armor
35:01 Forging
35:58 Chain Barding Armor
FibreZebre70034
10:51 Feudal Age
11:20 Double-Bit Axe
20:32 Castle Age
18:56 Horse Collar
21:43 Heavy Plow
21:58 Bow Saw
23:57 Wheelbarrow
26:36 Forging
26:29 Padded Archer Armor
26:36 Scale Barding Armor
30:19 Imperial Age
29:14 Scale Barding Armor
29:10 Padded Archer Armor
29:46 Iron Casting
29:59 Husbandry
30:09 Bloodlines
30:54 Leather Archer Armor
34:42 Chain Barding Armor
Pépé
1:16 Loom
11:33 Feudal Age
12:59 Wheelbarrow
15:57 Castle Age
16:09 Double-Bit Axe
17:28 Bow Saw
21:57 Hand Cart
22:55 Stone Mining
25:00 Gold Mining
30:43 Imperial Age
27:59 Town Watch
29:30 Town Patrol
29:57 Ballistics
30:29 Caravan
31:01 Coinage
30:54 Forging
30:50 Scale Barding Armor
30:59 Masonry
31:48 Conscription
31:38 Chivalry
32:52 Gold Shaft Mining
33:20 Chemistry
32:31 Masonry
32:18 Murder Holes
32:50 #83
32:56 Husbandry
32:22 Cavalier
33:53 Iron Casting
34:27 Banking
34:04 Paladin
36:45 Blast Furnace
36:06 Chain Barding Armor
37:28 Elite Throwing Axeman
Mike Ehrmantraut
1:38 Loom
14:48 Feudal Age
15:13 Horse Collar
15:22 Double-Bit Axe
16:31 Stone Mining
16:31 Gold Mining
25:59 Castle Age
25:22 Forging
25:18 Scale Barding Armor
25:04 Fletching
25:31 Bloodlines
26:47 Heavy Plow
27:00 Bow Saw
27:29 Iron Casting
28:04 Thumb Ring
28:39 Light Cavalry
29:20 Husbandry
30:27 Wheelbarrow
29:37 Town Watch
34:07 Gold Shaft Mining
34:07 Stone Shaft Mining
34:24 Stone Shaft Mining
33:43 Town Watch
35:32 Hand Cart
35:59 Chain Barding Armor
35:40 Bodkin Arrow
39:58 Imperial Age
41:13 Conscription
41:05 Devotion
42:27 Blast Furnace
42:03 Plate Barding Armor
42:06 Faith
42:18 Elite War Elephant
43:36 Hoardings
ukt
13:50 Feudal Age
22:00 Castle Age
21:31 Double-Bit Axe
21:29 Horse Collar
23:39 Heavy Plow
24:30 Fervor
26:53 Chemistry
28:00 Wheelbarrow
28:46 Fortified Wall
32:12 Redemption
36:02 Imperial Age
33:21 Town Watch
33:23 Loom
35:07 Hand Cart
35:46 Sanctity
38:22 Block Printing
38:37 Illumination
38:59 Theocracy
38:43 Elite Hussite Wagon
39:44 Conscription
40:27 Padded Archer Armor
遊戲靠賽輕鬆自在
0:30 Loom
12:42 Feudal Age
13:23 Double-Bit Axe
20:35 Castle Age
19:18 Gold Mining
19:29 Stone Mining
20:13 Arson
20:41 Forging
21:29 Bow Saw
21:21 Scale Mail Armor
21:08 Horse Collar
22:19 Heavy Plow
25:34 Iron Casting
24:51 Fletching
26:37 Chain Mail Armor
26:25 Squires
39:35 Bodkin Arrow
39:41 Padded Archer Armor
40:14 Crossbowman
40:14 Elite Skirmisher
41:12 Leather Archer Armor
42:52 Town Watch
Connection lost

Rejoining the realm…

Still unreachable

The connection could not be restored.

Session expired

The server has moved on; the page needs a fresh start.